 Dungeon Crawl Stone Soup version 0.22.0-49-gab54619674 (webtiles) character file.

59387 denis1488 the Bludgeoner (level 14, 0/94 HPs)
             Began as a Gargoyle Fighter on Sept 1, 2018.
             Was the Champion of the Shining One.
             Slain by an eight-headed hydra (5 damage)
             ... on level 6 of the Lair of Beasts on Sept 5, 2018.
             The game lasted 00:46:40 (19678 turns).

denis1488 the Bludgeoner (Gargoyle Fighter)        Turns: 19678, Time: 00:46:41

Health: 0/94       AC: 27    Str: 23    XL:     14   Next: 94%
Magic:  23/23      EV: 10    Int: 11    God:    the Shining One [******]
Gold:   1698       SH: 16    Dex: 18    Spells: 13/13 levels left

rFire    + . .     SeeInvis .   o - +5 flail (freeze)
rCold    + . .     Gourm    .   M - +3 shield
rNeg     + + +     Faith    .   t - +4 chain mail of the Oligarchy {MP+9}
rPois    ∞         Spirit   .   N - +0 helmet of Devotion {*Drain Int+3 Dex+3}
rElec    +         Reflect  .   a - +2 cloak {rC+}
rCorr    .         Harm     .   (no gloves)
MR       +++..                  (no boots)
Stlth    ..........             c - amulet of regeneration
HPRegen  0.65/turn              K - ring "Takhidgh" {rF+ MR+ Dex+3}
MPRegen  0.18/turn              A - ring of protection from magic

@: corroded, glowing, studying Ice Magic
A: big wings, negative energy resistance 1, electricity resistance, unbreathing,
petrification resistance, rot immunity, AC +10
a: Fly, Divine Shield, Cleansing Flame, Summon Divine Warrior, Brand Weapon With
Holy Wrath, Renounce Religion


You were on level 6 of the Lair of Beasts.
You worshipped the Shining One.
The Shining One was exalted by your worship.
You were not hungry.

You visited 3 branches of the dungeon, and saw 20 of its levels.
You also visited: Labyrinth, Ice Cave and Volcano.

You collected 1698 gold pieces.

Inventory:

Hand Weapons
 o - a +5 flail of freezing (weapon)
Armour
 a - a +2 cloak of cold resistance (worn)
 t - the +4 chain mail of the Oligarchy (worn) {MP+9}
   (You found it on level 6 of the Dungeon)

   It affects your magic capacity (+9).
 M - a +3 shield (worn)
 N - the +0 helmet of Devotion (worn) {*Drain Int+3 Dex+3}
   (You found it in a volcano)

   It affects your intelligence (+3).
   It affects your dexterity (+3).
   It causes draining when unequipped.
Jewellery
 c - an amulet of regeneration (around neck)
 w - an uncursed ring of resist corrosion
 A - a ring of protection from magic (right hand)
 H - the ring "Diherihu" {Ice -Tele Dex+5 Slay+2}
   (You found it in an ice cave)

   [ring of ice]

   It enhances your ice magic.
   It affects your dexterity (+5).
   It affects your accuracy and damage with ranged weapons and melee attacks
   (+2).
   It makes you vulnerable to fire.
   It protects you from cold.
   It prevents most forms of teleportation.
 K - the ring "Takhidgh" (left hand) {rF+ MR+ Dex+3}
   (You acquired it on level 3 of the Lair of Beasts)

   [ring of dexterity]

   It affects your dexterity (+3).
   It protects you from fire.
   It affects your resistance to hostile enchantments.
 Q - an uncursed ring of fire
Wands
 b - a wand of digging (21)
 i - a wand of enslavement (49)
 j - a wand of disintegration (13)
 n - a wand of polymorph (38)
 v - a wand of clouds (7)
 y - a wand of flame (67)
 B - a wand of acid (10)
 C - a wand of paralysis (12)
 I - a wand of iceblast (30)
 O - a wand of scattershot (4)
Scrolls
 g - 11 scrolls of teleportation
 p - 15 scrolls of remove curse
 u - 7 scrolls of identify
 x - 6 scrolls of amnesia
 L - 3 scrolls of blinking
Potions
 d - 3 potions of might
 e - a potion of haste
 h - 14 potions of curing
 k - 2 potions of agility
 l - 3 potions of brilliance
 m - 3 potions of lignification
 q - 2 potions of mutation {unknown}
 r - 5 potions of flight
 s - 2 potions of resistance {unknown}
 D - 2 potions of magic {unknown}
 E - 2 potions of heal wounds
 J - 4 potions of berserk rage
Books
 F - a manual of Ice Magic
 G - a manual of Ice Magic
Miscellaneous
 z - a sack of spiders
Comestibles
 f - 44 rations
 P - 4 chunks of flesh


   Skills:
 + Level 13.1 Fighting
 * Level 16.0 Maces & Flails
 + Level 12.1 Armour
 + Level 4.2 Dodging
 + Level 12.1 Shields


You had 13 spell levels left.
You didn't know any spells.
Your spell library contained the following spells:

 Spells                   Type           Power        Failure   Level  Hunger
 Animate Skeleton         Necr           N/A          95%         1    ##.....
 Apportation              Tloc           #.....       95%         1    ##.....
 Confusing Touch          Hex            #.....       95%         1    ##.....
 Infusion                 Chrm           #...         95%         1    ##.....
 Shock                    Conj/Air       #...         95%         1    ##.....
 Summon Small Mammal      Summ           #...         95%         1    ##.....
 Blink                    Tloc           N/A          99%         2    ###....
 Call Imp                 Summ           #.......     99%         2    ###....
 Shroud of Golubria       Chrm/Tloc      #.........   99%         2    ###....
 Song of Slaying          Chrm           #.......     99%         2    ###....
 Swiftness                Chrm/Air       #.......     99%         2    ###....
 Call Canine Familiar     Summ           #.......     100%        3    ####...
 Gell's Gravitas          Tloc           #.........   100%        3    ####...
 Lesser Beckoning         Tloc           #.........   100%        3    ####...
 Portal Projectile        Hex/Tloc       #.....       100%        3    ####...
 Regeneration             Chrm/Necr      #.........   100%        3    ####...
 Spectral Weapon          Hex/Chrm       #.......     100%        3    ####...
 Static Discharge         Conj/Air       #.......     100%        3    ####...
 Summon Guardian Golem    Hex/Summ       #.......     100%        3    ####...
 Teleport Other           Tloc           #.......     100%        3    ####...
 Airstrike                Air            #.........   100%        4    #####..
 Ice Form                 Ice/Tmut       #.......     100%        4    #####..
 Passage of Golubria      Tloc           N/A          100%        4    #####..
 Petrify                  Tmut/Erth      #.......     100%        4    #####..
 Summon Ice Beast         Ice/Summ       #.......     100%        4    #####..
 Summon Lightning Spire   Summ/Air       #.......     100%        4    #####..
 Bolt of Magma            Conj/Fire/Erth #.........   100%        5    ######.
 Borgnjor's Vile Clutch   Necr/Erth      #.........   100%        5    ######.
 Lee's Rapid Deconstruct  Erth           #.........   100%        5    ######.
 Lightning Bolt           Conj/Air       #.........   100%        5    ######.
 Metabolic Englaciation   Hex/Ice        #.........   100%        5    ######.
 Bolt of Cold             Conj/Ice       #.........   100%        6    #######
 Freezing Cloud           Conj/Ice/Air   #.........   100%        6    #######
 Ozocubu's Refrigeration  Ice            #.........   100%        6    #######
 Simulacrum               Ice/Necr       #.........   100%        6    #######
 Malign Gateway           Summ/Tloc      #.........   100%        7    #######
 Shatter                  Erth           #.........   100%        9    #######
 Statue Form              Tmut/Erth      Unusable     N/A         6    N/A

Dungeon Overview and Level Annotations

Branches:
Dungeon (13/15)            Temple (1/1) D:6            Lair (6/6) D:10
  Swamp (0/4) Lair:3        Snake (0/4) Lair:4          Orc (0/2) D:11
  Slime: Lair:5-6    Vaults: D:13-14

Altars:
Ashenzari
Cheibriados
Dithmenos
Elyvilon
Fedhas
Gozag
Hepliaklqana
Kikubaaqudgha
Makhleb
Nemelex Xobeh
Okawaru
Qazlal
Ru
Sif Muna
Trog
Uskayaw
Vehumet
Wu Jian
Xom
Yredelemnul
Zin
The Shining One

Annotations:
D:3 Grinder
D:6 2 transporters
Lair:1 3 runed doors, Americanboy's ghost, journeyman GrFi
Lair:6 exclusion: oklob plant


Innate Abilities, Weirdness & Mutations

You are resistant to torment.
Your stone body is resilient. (AC +10)
You are immune to poison.
Your large and strong wings let you fly indefinitely.
You resist negative energy. (rN+)
You are resistant to electric shocks. (rElec)
You can survive without breathing.
You are immune to petrification.
You are immune to rotting.


Message History

The eight-headed hydra bites you.
* * * LOW HITPOINT WARNING * * *
You block the eight-headed hydra's attack.
The eight-headed hydra bites you!
* * * LOW HITPOINT WARNING * * *
The eight-headed hydra completely misses you.
The eight-headed hydra bites you but does no damage. x2
You hit the eight-headed hydra.
The eight-headed hydra seems to slow down.
You freeze the eight-headed hydra.
The eight-headed hydra is heavily wounded.
You hit the eight-headed hydra. You freeze the eight-headed hydra.
The eight-headed hydra is heavily wounded.
You block the eight-headed hydra's attack.
The eight-headed hydra bites you.
* * * LOW HITPOINT WARNING * * *
The eight-headed hydra bites you!
* * * LOW HITPOINT WARNING * * *
The eight-headed hydra bites you.
You die...

##...#.....##......
#....##...P##....P# #
##...##....##.....#.##
##...#P...##......+..
#.##.P...##.P..P....
#..P#P.....##....#...
##P.#......##........
...#P...#.#.....##..
#.##.....@D....P#
#.........#........
....................
..P#...##.PP.###.#...
...######.#### ##.##
.. ### #


You could see an eight-headed hydra.

Vanquished Creatures
  A minotaur (Lab)
  3 hydras
  A centaur warrior (D:13)
  Erica (D:10)
  9 two-headed ogres
  A hell knight (Volcano)
  Nergalle (Lair:4)
  Sonja (D:10)
  2 unseen horrors
  2 lindwurms (Lair:5)
  2 ugly things (D:12)
  4 oklob plants (Lair:4)
  A wolf spider zombie (D:12)
  A manticore (D:12)
  6 elephants
  5 black mambas
  An ice statue (IceCv)
  2 gargoyles
  10 freezing wraiths (IceCv)
  11 spiny frogs
  6 komodo dragons
  8 rime drakes
  A hornet (D:11)
  3 polar bears (D:9)
  2 queen bees
  3 trolls
  13 blink frogs
  5 slime creatures (D:13)
  3 hippogriffs
  2 shadows (D:12)
  2 wyverns
  17 yaks
  13 humans
  11 steam dragons (Lair:5)
  2 hungry ghosts
  3 vampire mosquitoes (Lair:3)
  2 death yak simulacra (IceCv)
  2 soldier ants
  14 water moccasins
  6 porcupines
  23 ice beasts
  7 orc warriors
  An alligator simulacrum (IceCv)
  A black bear (D:11)
  An eye of draining (D:11)
  3 sky beasts
  2 phantoms
  7 ogres
  13 crocodiles
  2 gnoll sergeants
  17 bullfrogs
  3 scorpions
  A wyvern skeleton (D:8)
  48 killer bees
  4 howler monkeys
  13 wights
  2 electric eels
  A vampire bat (D:4)
  A bullfrog zombie (D:12)
  3 centaur zombies
  7 crimson imps
  A jelly (D:10)
  2 quasits (D:8)
  5 draconian simulacra (IceCv)
  5 hounds
  2 centaur skeletons
  14 orc priests
  6 bullfrog skeletons
  Ijyb (D:4)
  3 iguanas
  13 orc wizards
  2 spriggan simulacra (IceCv)
  5 hell rats (Lair:6)
  4 troll simulacra (IceCv)
  10 worker ants
  A polar bear simulacrum (IceCv)
  2 bullfrog simulacra (D:9)
  3 centaur simulacra
  A hound skeleton (D:9)
  A killer bee simulacrum (D:9)
  8 gnolls
  2 ogre simulacra (IceCv)
  14 adders
  5 naga simulacra (IceCv)
  2 shadow imps
  15 white imps
  An ufetubus (D:9)
  An ooze (D:6)
  An adder skeleton (D:4)
  2 worms (D:3)
  An adder simulacrum (D:9)
  2 dart slugs
  4 leopard geckos
  52 orcs
  A ball python (D:3)
  3 bats
  2 bat skeletons (D:4)
  5 bat zombies (D:4)
  7 giant cockroaches
  11 goblins
  8 hobgoblins
  10 jackals
  5 quokkas
  8 frilled lizards
  A jackal skeleton (D:4)
  8 kobolds
  10 rats
613 creatures vanquished.

Vanquished Creatures (collateral kills)
  A vampire mosquito (Lair:3)
1 creature vanquished.

Vanquished Creatures (others)
  An ogre mage (Volcano)
  A necromancer (IceCv)
  A rime drake (Lair:5)
  3 fungi
  2 plants
8 creatures vanquished.

Grand Total: 622 creatures vanquished

Notes
Turn   | Place    | Note
-------+----------+-------------------------------------------
     0 | D:1      | denis1488 the Gargoyle Fighter began the quest for the Orb.
     0 | D:1      | Reached XP level 1. HP: 14/14 MP: 1/1
    89 | D:1      | Reached XP level 2. HP: 17/19 MP: 2/2
   192 | D:1      | Reached XP level 3. HP: 11/24 MP: 3/3
   884 | D:2      | Found a shadowy altar of Dithmenos.
  1305 | D:2      | Reached skill level 3 in Maces & Flails
  1620 | D:3      | Reached XP level 4. HP: 29/29 MP: 4/4
  1858 | D:4      | Reached XP level 5. HP: 33/34 MP: 5/5
  2054 | D:3      | Noticed Grinder
  2055 | D:3      | Paralysed by Grinder for 4 turns
  2281 | D:3      | Reached skill level 4 in Maces & Flails
  2697 | D:4      | Noticed Ijyb
  2718 | D:4      | Killed Ijyb
  2965 | D:4      | Reached XP level 6. HP: 40/40 MP: 6/6
  2995 | D:4      | Found an ancient bone altar of Kikubaaqudgha.
  3005 | D:4      | Reached skill level 5 in Fighting
  3005 | D:4      | Reached skill level 5 in Maces & Flails
  3214 | D:3      | Found a hide-covered altar of Uskayaw.
  3340 | D:5      | Entered Level 5 of the Dungeon
  3768 | D:5      | Reached XP level 7. HP: 43/44 MP: 7/7
  3782 | D:5      | Reached skill level 6 in Maces & Flails
  3899 | D:6      | Found a staircase to the Ecumenical Temple.
  3940 | Temple   | Entered the Ecumenical Temple
  4007 | Temple   | Became a worshipper of the Shining One
  4244 | D:5      | Reached skill level 7 in Maces & Flails
  4510 | D:5      | Reached XP level 8. HP: 11/52 MP: 8/8
  4788 | D:6      | Got a smoking chain mail
  4798 | D:6      | Identified the +4 chain mail of the Oligarchy {MP+9} (You
                  | found it on level 6 of the Dungeon)
  4936 | D:6      | Reached * piety under the Shining One
  5224 | D:6      | Found a transporter.
  5234 | D:6      | Reached skill level 8 in Maces & Flails
  5248 | D:6      | Found a transporter.
  5427 | D:6      | Found a basalt altar of Yredelemnul.
  5513 | D:6      | Found a glowing silver altar of Zin.
  5546 | D:6      | Found an opulent altar of Gozag.
  5601 | D:6      | Found a sparkling altar of Nemelex Xobeh.
  5616 | D:6      | Reached XP level 9. HP: 34/57 MP: 9/9
  6272 | D:7      | Found a blossoming altar of Fedhas.
  6295 | D:7      | Reached skill level 5 in Armour
  6377 | D:7      | Reached skill level 9 in Maces & Flails
  6377 | D:7      | Reached skill level 5 in Shields
  6697 | D:8      | Reached ** piety under the Shining One
  7018 | D:8      | Found a sacrificial altar of Ru.
  7212 | D:8      | Reached skill level 10 in Maces & Flails
  7215 | D:8      | Reached XP level 10. HP: 28/64 MP: 10/10
  7956 | D:8      | Found a white marble altar of Elyvilon.
  8152 | D:9      | Got a crude spear
  8153 | D:9      | Identified the cursed +1 spear of Ireoz {pain, rC+++ Dex+4
                  | SInv} (You found it on level 9 of the Dungeon)
  8432 | D:9      | Reached *** piety under the Shining One
  8564 | D:9      | Found a hide-covered altar of Uskayaw.
  8605 | D:9      | Reached skill level 11 in Maces & Flails
  8808 | D:9      | Found a shadowy altar of Dithmenos.
  8872 | D:9      | Noticed a two-headed ogre
  8895 | D:9      | Killed a two-headed ogre
  9141 | D:9      | Reached XP level 11. HP: 71/71 MP: 11/11
  9285 | D:9      | Found an iron altar of Okawaru.
  9514 | D:10     | Entered Level 10 of the Dungeon
  9514 | D:10     | Noticed a two-headed ogre
  9552 | D:10     | Reached **** piety under the Shining One
  9619 | D:10     | Noticed Sonja
  9782 | D:10     | Killed a two-headed ogre
 10161 | D:9      | Upgraded the game from 0.22.0-40-g68aacdc4c8 to
                  | 0.22.0-49-gab54619674
 10367 | D:10     | Found a staircase to the Lair.
 10368 | D:10     | Noticed an unseen horror
 10369 | D:10     | Noticed Erica
 10392 | D:10     | Killed an unseen horror
 10399 | D:10     | Killed Erica
 10399 | D:10     | Reached skill level 12 in Maces & Flails
 10518 | D:10     | Reached skill level 10 in Fighting
 10950 | D:11     | Found a frozen archway.
 10972 | D:11     | Noticed an unseen horror
 10974 | D:11     | Found a staircase to the Orcish Mines.
 10982 | D:11     | Killed an unseen horror
 10985 | IceCv    | Entered an ice cave
 10985 | IceCv    | Reached ***** piety under the Shining One
 11375 | IceCv    | Reached XP level 12. HP: 42/78 MP: 12/12
 11494 | IceCv    | Found an ancient bone altar of Kikubaaqudgha.
 11744 | IceCv    | Reached skill level 13 in Maces & Flails
 11748 | IceCv    | Reached ****** piety under the Shining One
 11804 | IceCv    | Got a scintillating golden ring
 11810 | IceCv    | Identified the ring "Diherihu" {Ice -Tele Dex+5 Slay+2}
                  | (You found it in an ice cave)
 12103 | D:11     | Noticed a two-headed ogre
 12113 | D:11     | Killed a two-headed ogre
 12118 | D:11     | Noticed an eight-headed hydra
 12140 | D:11     | Killed an eight-headed hydra
 12448 | D:11     | Found a glowing golden altar of the Shining One.
 12666 | D:12     | Reached skill level 10 in Armour
 12787 | D:12     | Reached skill level 10 in Shields
 12947 | D:12     | Found a labyrinth entrance.
 12957 | Lab      | Entered a labyrinth
 13527 | Lab      | Noticed a minotaur
 13545 | Lab      | Killed a minotaur
 13567 | Lab      | Identified the Compendium of Clay
 13574 | Lab      | Identified the Handbook of Translocation
 13597 | D:12     | Reached XP level 13. HP: 29/84 MP: 13/13
 14157 | D:13     | Reached skill level 14 in Maces & Flails
 14772 | D:10     | Killed Sonja
 14779 | Lair:1   | Entered Level 1 of the Lair of Beasts
 15228 | Lair:1   | Found a runed gate.
 15228 | Lair:1   | Found a runed gate.
 15228 | Lair:1   | Found a runed gate.
 15246 | Lair:1   | Noticed a minotaur
 15252 | Lair:1   | Noticed Americanboy's ghost (journeyman GrFi)
 15851 | Lair:2   | Reached skill level 1 in Dodging
 16796 | Lair:3   | Found a dark tunnel.
 16825 | Lair:3   | Reached skill level 15 in Maces & Flails
 16845 | Lair:3   | Identified a scroll of acquirement
 16848 | Lair:3   | Got a steaming platinum ring
 16850 | Lair:3   | Identified the ring "Takhidgh" {rF+ MR+ Dex+3} (You
                  | acquired it on level 3 of the Lair of Beasts)
 16859 | Volcano  | Entered a volcano
 16878 | Volcano  | Found a burning altar of Makhleb.
 16900 | Volcano  | Gained mutation: Your large and strong wings let you fly
                  | indefinitely. [Gargoyle growth]
 16900 | Volcano  | Reached XP level 14. HP: 59/92 MP: 14/14
 16968 | Volcano  | Got a translucent helmet
 16987 | Volcano  | Identified the +0 helmet of Devotion {*Drain Int+3 Dex+3}
                  | (You found it in a volcano)
 17197 | Lair:3   | Got a smoking wooden ring
 17213 | Lair:3   | Identified the ring of the Establishment {Ice *Drain rPois
                  | Str+4} (You found it on level 3 of the Lair of Beasts)
 17295 | Lair:3   | Found a staircase to the Swamp.
 17748 | Lair:4   | Found a staircase to the Snake Pit.
 17940 | Lair:4   | Noticed Nergalle
 17962 | Lair:4   | Killed Nergalle
 19406 | Lair:6   | Entered Level 6 of the Lair of Beasts
 19549 | Lair:6   | Reached skill level 16 in Maces & Flails
 19678 | Lair:6   | Slain by an eight-headed hydra

Skill      XL: |  1  2  3  4  5  6  7  8  9 10 11 12 13 14 |
---------------+-------------------------------------------+-----
Maces & Flails | 3 4 5 7 8 10 11 12 13 15 16 | 16.0
Fighting       | 4 5 6 7 8 9 10 11 12 13 | 13.1
Armour         | 4 6 7 9 10 11 12 | 12.1
Shields        | 4 6 7 9 10 11 12 | 12.1
Dodging        | 2 4 |  4.2

Action                   |  1- 3 |  4- 6 |  7- 9 | 10-12 | 13-15 || total
-------------------------+-------+-------+-------+-------+-------++-------
Melee: Flail             |   162 |   174 |   406 |   849 |   873 ||  2464
  Use: Scroll            |     6 |     1 |    11 |    13 |    12 ||    43
       Potion            |       |       |     3 |     3 |     1 ||     7
  Eat: Chunk             |     2 |     8 |    11 |    18 |    19 ||    58
       Ration            |       |       |       |     2 |       ||     2
Armor: Scale mail        |   124 |   102 |    45 |       |       ||   271
       Chain mail        |       |       |   331 |   486 |   424 ||  1241
Dodge: Dodged            |   121 |    86 |   217 |   208 |   202 ||   834
Block: Shield            |    41 |       |       |   445 |   600 ||  1086
